 Dungeon Crawl Stone Soup version 0.21-a0-67-g3f13d09 (webtiles) character file.

133380 xgamer67 the Bludgeoner (level 17, -1/142 HPs)
             Began as a Human Gladiator on June 17, 2017.
             Was the Champion of Okawaru.
             Slain by an entropy weaver (3 damage)
             ... on level 2 of the Spider Nest.
             The game lasted 02:09:46 (43145 turns).

xgamer67 the Bludgeoner (Human Gladiator)          Turns: 43145, Time: 02:09:47

Health: -1/142     AC: 32    Str: 18    XL:     17   Next: 72%
Magic:  26/26      EV: 14    Int: 17    God:    Okawaru [******]
Gold:   1982       SH:  6    Dex: 10    Spells: 11/28 levels left

rFire    + . .     SeeInvis +   a - +1 eveningstar of the Invisible Lives {protect, rF+ Int+6 Dex-4}
rCold    . . .     Gourm    .   g - +2 buckler {reflect}
rNeg     . . .     Faith    +   K - +9 scale mail "Luwahaly" {MR+}
rPois    +         Spirit   .   c - +1 helmet
rElec    .         Reflect  +   o - +0 cloak
rCorr    .         Harm     .   Z - +1 pair of gloves
MR       +++..                  h - +0 pair of boots of Okawaru's Envy {rPois Dex-2 SInv Stlth+}
Stlth    +.........             r - amulet of faith
HPRegen  0.33/turn              t - ring of protection from magic
MPRegen  0.20/turn              Y - +3 ring of slaying

@: lethally poisoned (-1 -> -2), protection aura, berserk cooldown, hasted and
slowed
A: no striking features
a: Heroism, Finesse, Renounce Religion


You were on level 2 of the Spider Nest.
You worshipped Okawaru.
Okawaru was exalted by your worship.
You were not hungry.

You visited 4 branches of the dungeon, and saw 25 of its levels.

You collected 2588 gold pieces.
You spent 606 gold pieces at shops.

Inventory:

Hand Weapons
 a - the +1 eveningstar of the Invisible Lives (weapon) {protect, rF+ Int+6 Dex-4}
   (Okawaru gifted it to you on level 2 of the Lair of Beasts)

   It protects the one who uses it against injury (+AC on strike).
   It affects your intelligence (+6).
   It affects your dexterity (-4).
   It protects you from fire.
Missiles
 d - 3 throwing nets
 D - 20 javelins (quivered)
Armour
 c - a +1 helmet (worn)
 g - a +2 buckler of reflection (worn)
 h - the +0 pair of boots of Okawaru's Envy (worn) {rPois Dex-2 SInv Stlth+}
   (Okawaru gifted it to you on level 11 of the Dungeon)

   It affects your dexterity (-2).
   It protects you from poison.
   It lets you see invisible.
   It makes you more stealthy.
 o - a +0 cloak (worn)
 K - the +9 scale mail "Luwahaly" (worn) {MR+}
   (Okawaru gifted it to you on level 14 of the Dungeon)

   It affects your resistance to hostile enchantments.
 M - a +0 shield
 Z - a +1 pair of gloves (worn)
Jewellery
 b - an uncursed amulet of regeneration {unknown}
 r - an amulet of faith (around neck)
 t - a ring of protection from magic (left hand)
 u - an uncursed ring of resist corrosion
 v - an uncursed ring of protection from cold
 E - an uncursed ring of wizardry
 S - an uncursed ring of poison resistance
 T - an uncursed ring of positive energy
 Y - a +3 ring of slaying (right hand)
Wands
 n - a wand of lightning (1/15)
 y - a wand of acid (8/15)
 F - a wand of paralysis (15/24)
 G - a wand of iceblast (6/15)
 I - a wand of disintegration (13/24)
 N - a wand of digging (13/24)
 O - a wand of polymorph (14/24)
Scrolls
 e - 4 scrolls of fog
 j - 5 scrolls of enchant weapon
 l - 10 scrolls of remove curse
 z - a scroll of enchant armour
 A - 4 scrolls of recharging
 C - a scroll of fear
 H - 3 scrolls of magic mapping
 P - 4 scrolls of teleportation
 W - 6 scrolls of amnesia
Potions
 i - 2 potions of agility
 k - a potion of haste
 p - a potion of cancellation
 q - 3 potions of heal wounds
 x - 3 potions of invisibility
 B - a potion of magic
 J - 8 potions of curing
 L - a potion of ambrosia
 R - a potion of brilliance
 U - 2 potions of resistance
 V - a potion of flight
 X - a potion of berserk rage
Books
 w - a book of Necromancy

   Spells                             Type                      Level
   a - Pain                           Necromancy                   1
   b - Animate Skeleton               Necromancy                   1
   c - Vampiric Draining              Necromancy                   3
   d - Regeneration                   Charms/Necromancy            3
   e - Animate Dead                   Necromancy                   4
   f - Control Undead                 Necromancy                   4
Miscellaneous
 Q - a lamp of fire (inert)
Comestibles
 f - 14 bread rations
 m - 10 meat rations


   Skills:
 - Level 15.0 Fighting
 - Level 16.0 Maces & Flails
 - Level 2.0 Throwing
 + Level 8.8 Armour
 + Level 11.4 Dodging
 - Level 4.1 Shields
 - Level 6.0 Spellcasting
 + Level 4.1 Conjurations
 - Level 2.0 Hexes
 - Level 7.0 Charms
 + Level 3.4 Summonings
 + Level 3.5 Necromancy
 - Level 4.0 Translocations
 + Level 4.2 Fire Magic
 - Level 8.0 Invocations


You had 11 spell levels left.
You knew the following spells:

 Your Spells              Type           Power        Failure   Level  Hunger
a - Animate Skeleton      Necr           N/A          9%          1    None
b - Summon Small Mammal   Summ           ###.         9%          1    None
c - Conjure Flame         Conj/Fire      ###.....     19%         3    ##.....
d - Spectral Weapon       Hex/Chrm       ###.....     16%         3    ##.....
e - Infusion              Chrm           ####         1%          1    None
f - Shroud of Golubria    Chrm/Tloc      ###.......   5%          2    None
h - Regeneration          Chrm/Necr      ###.......   12%         3    ##.....
A - Apportation           Tloc           ###...       7%          1    None
B - Blink                 Tloc           N/A          10%         2    None


Dungeon Overview and Level Annotations

Branches:
Dungeon (15/15)            Temple (0/1) D:6            Lair (6/6) D:8
 Shoals (0/4) Lair:3       Spider (2/4) Lair:4        Slime (0/5) Lair:6
    Orc (2/2) D:9             Elf (0/3) Orc:2        Vaults (0/5) D:13
 Depths (0/5) D:15

Altars:
Cheibriados
Dithmenos
Nemelex Xobeh
Okawaru
Ru
Trog
Uskayaw
Vehumet
Beogh
Jiyva

Shops:
D:7 (   Orc:2 *((*


Message History

An entropy weaver comes into view.
You stick the wolf spider like a pincushion!!!
You kill the wolf spider!
Okawaru accepts your kill.
* * * LOW HITPOINT WARNING * * *
You feel sick. The redback closely misses you.
You closely miss the redback. You hammer the redback like a gong!!!
You kill the redback!
Okawaru accepts your kill.
A redback comes into view. x2
You feel a strong urge to attack something.
A tarantella comes into view.
The tarantella hisses angrily.
Found a stone staircase leading down.
You see here 12 gold pieces.
You are no longer berserk.
You are exhausted.
You feel yourself slow down.
You feel sick. The entropy weaver hits you.
You die...

......#....
...........
........... ####
........... ##..#
..........###...#
.....^..........#
..#..........†..###
.........#.....$..#
................@.#
#.#####...<....a.##
ss≈# #........s##
≈≈s# ..........#
#≈#...........ss#
#≈#.#.#.#.......#
≈≈≈## # ..>......
≈≈≈# ....... #≈#s#


You could see an entropy weaver, a tarantella and 2 redbacks.

Vanquished Creatures
  The ghost of melvinkitnick the Warrior, an adept MiGl of the Shining One (Spider:1)
  Kirke (Lair:5)
  A fire giant (D:14)
  2 orc warlords (Orc:2)
  A stone giant (Orc:2)
  Snorg (Lair:4)
  An ettin (Orc:2)
  Josephine (D:15)
  Fannar (D:10)
  11 hydras
  7 centaur warriors
  11 two-headed ogres
  2 tengu warriors (D:14)
  Urug (D:11)
  4 orc high priests (Orc:2)
  A glowing orange brain (D:14)
  5 skeletal warriors
  3 unseen horrors
  A flayed ghost (D:15)
  4 orc knights (Orc:2)
  A phantasmal warrior (D:14)
  A deep elf archer (D:13)
  2 frost giant zombies (D:15)
  4 orc sorcerers (Orc:2)
  A sphinx zombie (D:15)
  4 orb spiders (Spider:1)
  A tengu skeleton (D:15)
  4 manticores
  4 deep elf magi
  11 wolf spiders
  A wolf spider zombie (D:15)
  7 ugly things
  4 cyclopes
  13 elephants
  An ice statue (D:12)
  8 black mambas
  4 centaur zombies
  4 torpor snails
  3 gargoyles
  15 spiny frogs
  2 efreet (D:15)
  4 yaktaurs
  8 komodo dragons
  A freezing wraith (D:14)
  8 demonic crawlers
  2 kobold demonologists
  A guardian mummy (D:15)
  A tengu conjurer (D:14)
  5 trolls
  A polar bear (Lair:6)
  10 jumping spiders
  3 tyrant leeches (Lair:6)
  6 slime creatures (D:14)
  A meliai zombie (D:14)
  27 blink frogs
  3 hornets
  14 hippogriffs
  13 dream sheep
  3 centaur simulacra (D:14)
  Sigmund (D:3)
  A wyvern (D:12)
  6 wraiths
  17 yaks
  34 redbacks
  4 shadows
  12 tarantellas
  Grum (Lair:1)
  12 vampire mosquitoes
  4 hogs
  2 hungry ghosts
  A steam dragon (D:10)
  4 basilisks
  4 wargs
  A soldier ant (D:12)
  6 porcupines
  4 water moccasins
  45 orc warriors
  3 sky beasts
  A black bear (D:9)
  9 ice beasts
  2 wolves (Lair:1)
  2 eyes of draining
  24 ogres
  2 phantoms
  A necrophage (D:9)
  12 crocodiles
  14 centaurs
  6 big kobolds
  2 gnoll sergeants (D:9)
  24 bullfrogs
  4 wyvern zombies
  5 scorpions
  13 killer bees
  A water moccasin skeleton (D:7)
  12 wights
  An electric eel (Lair:6)
  6 howler monkeys
  10 crimson imps
  4 bullfrog zombies
  A quasit (D:9)
  3 bullfrog skeletons
  36 orc priests
  4 centaur skeletons
  7 hounds
  5 jellies
  26 orc wizards
  Jessica (D:2)
  8 iguanas
  Ijyb (D:5)
  19 worker ants
  6 hell rats (Lair:3)
  2 hound zombies
  A hound skeleton (D:4)
  A howler monkey zombie (D:10)
  19 adders
  3 gnolls
  7 river rats (Lair:3)
  5 shadow imps
  2 oozes
  An adder zombie (D:9)
  2 adder skeletons
  7 worms
  3 dart slugs
  7 leopard geckos
  104 orcs
  3 ball pythons
  12 bats
  9 giant cockroaches
  7 goblins
  9 hobgoblins
  11 jackals
  17 kobolds
  16 quokkas
  8 frilled lizards
  A jackal skeleton (D:9)
  A leopard gecko skeleton (D:3)
  A leopard gecko zombie (D:7)
  2 quokka skeletons
  22 rats
983 creatures vanquished.

Vanquished Creatures (collateral kills)
  A two-headed ogre (Orc:2)
  An elephant (Lair:6)
  4 spiny frogs (Lair:6)
  A tyrant leech (Lair:6)
  2 blink frogs (Lair:6)
  2 wyverns
  A warg (Orc:2)
  A water moccasin (Lair:6)
  3 orc warriors (Orc:2)
  A centaur (D:15)
  2 bullfrogs (Lair:6)
  2 orc wizards (Orc:2)
  An orc priest (Orc:2)
  18 orcs (Orc:2)
  3 fungi
43 creatures vanquished.

Vanquished Creatures (others)
  A necromancer (D:15)
  A centaur skeleton (D:15)
  2 jumping spiders (Spider:1)
  A redback (Spider:2)
  2 humans (Lair:5)
  5 fungi
  55 plants
  5 withered plants (D:15)
72 creatures vanquished.

Grand Total: 1098 creatures vanquished

Notes
Turn   | Place    | Note
-------+----------+-------------------------------------------
     0 | D:1      | xgamer67 the Human Gladiator began the quest for the Orb.
     0 | D:1      | Reached XP level 1. HP: 16/16 MP: 1/1
   153 | D:1      | Reached XP level 2. HP: 23/23 MP: 2/2
   668 | D:1      | Reached XP level 3. HP: 27/29 MP: 3/3
  1058 | D:2      | Noticed Jessica
  1078 | D:2      | Killed Jessica
  1078 | D:2      | Reached XP level 4. HP: 28/37 MP: 4/4
  1598 | D:2      | Found a radiant altar of Vehumet.
  1599 | D:2      | Found a shadowy altar of Dithmenos.
  1726 | D:2      | Reached XP level 5. HP: 40/43 MP: 5/5
  1730 | D:2      | Learned a level 2 spell: Blink
  1760 | D:2      | Reached skill level 5 in Fighting
  2070 | D:3      | Reached skill level 1 in Shields
  2689 | D:3      | Noticed Sigmund
  2702 | D:3      | Reached XP level 6. HP: 33/51 MP: 6/6
  3489 | D:4      | Reached skill level 1 in Armour
  3489 | D:4      | Reached XP level 7. HP: 34/56 MP: 7/7
  4171 | D:5      | Entered Level 5 of the Dungeon
  4171 | D:5      | Found a snail-covered altar of Cheibriados.
  4322 | D:5      | Found a bloodstained altar of Trog.
  4789 | D:5      | Reached skill level 4 in Maces & Flails
  4789 | D:5      | Reached XP level 8. HP: 55/62 MP: 8/8
  4884 | D:5      | Noticed Ijyb
  4919 | D:5      | Killed Ijyb
  5285 | D:5      | Found an iron altar of Okawaru.
  5304 | D:5      | Became a worshipper of Warmaster Okawaru
  5498 | D:5      | Reached skill level 5 in Maces & Flails
  5663 | D:6      | Reached skill level 1 in Invocations
  6873 | D:6      | Reached skill level 5 in Armour
  6873 | D:6      | Reached XP level 9. HP: 41/68 MP: 11/11
  6879 | D:6      | Reached * piety under Okawaru
  7565 | D:3      | Killed Sigmund
  7565 | D:3      | Reached skill level 5 in Dodging
  7894 | D:3      | Found a sacrificial altar of Ru.
  8070 | D:7      | Found Ronuups's Antique Weapon Shop.
  8342 | D:7      | Bought a pitted scimitar for 207 gold pieces
  8342 | D:7      | Identified the cursed +2 scimitar of the Jester {drain, +Blink Int+2} (You bought it in a shop on level 7 of the Dungeon)
  8984 | D:7      | Found an iron altar of Okawaru.
  9209 | D:7      | Found a hide-covered altar of Uskayaw.
  9291 | D:7      | Reached ** piety under Okawaru
  9952 | D:8      | Found a sparkling altar of Nemelex Xobeh.
 10037 | D:8      | Reached XP level 10. HP: 56/80 MP: 12/12
 10750 | D:8      | Found a staircase to the Lair.
 11361 | D:6      | Found a staircase to the Ecumenical Temple.
 11827 | D:9      | Found an iron altar of Okawaru.
 11862 | D:9      | Reached *** piety under Okawaru
 12037 | D:9      | Found a staircase to the Orcish Mines.
 13256 | D:9      | Reached **** piety under Okawaru
 13281 | D:9      | Noticed a two-headed ogre
 13298 | D:9      | Killed a two-headed ogre
 13298 | D:9      | Reached XP level 11. HP: 56/89 MP: 11/13
 13410 | D:9      | Reached skill level 6 in Maces & Flails
 13697 | D:9      | Reached skill level 7 in Maces & Flails
 13875 | D:9      | Reached ***** piety under Okawaru
 14049 | D:9      | Reached skill level 8 in Maces & Flails
 14242 | D:10     | Entered Level 10 of the Dungeon
 14539 | D:10     | Received a gift from Okawaru
 14561 | D:10     | Reached skill level 9 in Maces & Flails
 14890 | D:10     | Noticed Fannar
 14988 | D:10     | Killed Fannar
 14988 | D:10     | Reached skill level 5 in Invocations
 15285 | D:10     | Noticed a two-headed ogre
 15293 | D:10     | Killed a two-headed ogre
 15293 | D:10     | Received a gift from Okawaru
 15293 | D:10     | Reached skill level 10 in Maces & Flails
 15293 | D:10     | Reached XP level 12. HP: 71/95 MP: 13/16
 15409 | D:10     | Learned a level 1 spell: Animate Skeleton
 15411 | D:10     | Learned a level 1 spell: Apportation
 15428 | D:10     | Learned a level 3 spell: Conjure Flame
 15433 | D:10     | Learned a level 1 spell: Summon Small Mammal
 15444 | D:10     | Noticed Harold
 15462 | D:10     | Noticed Harold
 15462 | D:10     | Harold changed into Harold the torpor snail
 15473 | D:10     | Killed Harold the torpor snail
 16118 | D:11     | Noticed a skeletal warrior
 16124 | D:11     | Noticed a skeletal warrior
 16132 | D:11     | Received a gift from Okawaru
 16148 | D:11     | Killed a skeletal warrior
 16162 | D:11     | Killed a skeletal warrior
 16162 | D:11     | Reached skill level 11 in Maces & Flails
 16164 | D:11     | Noticed a skeletal warrior
 16183 | D:11     | Killed a skeletal warrior
 16183 | D:11     | Received a gift from Okawaru
 16195 | D:11     | Got a pair of smoking boots {god gift}
 16201 | D:11     | Identified the +0 pair of boots of Okawaru's Envy {rPois Dex-2 SInv Stlth+} (Okawaru gifted it to you on level 11 of the Dungeon)
 16811 | D:11     | Noticed Urug
 16827 | D:11     | Killed Urug
 17167 | D:12     | Noticed a two-headed ogre
 17167 | D:12     | Noticed an unseen horror
 17227 | D:12     | Noticed an unseen horror
 17244 | D:12     | Killed an unseen horror
 17257 | D:12     | Reached skill level 12 in Maces & Flails
 17304 | D:12     | Noticed a two-headed ogre
 17650 | D:12     | Killed an unseen horror
 17650 | D:12     | Reached skill level 1 in Spellcasting
 17697 | D:12     | Reached XP level 13. HP: 101/101 MP: 19/19
 18381 | D:12     | Noticed an eight-headed hydra
 18385 | D:12     | Received a gift from Okawaru
 18394 | D:12     | Killed an eight-headed hydra
 18394 | D:12     | Reached skill level 13 in Maces & Flails
 18735 | Lair:1   | Entered Level 1 of the Lair of Beasts
 18752 | Lair:1   | Learned a level 1 spell: Infusion
 18755 | Lair:1   | Learned a level 2 spell: Shroud of Golubria
 18759 | Lair:1   | Learned a level 3 spell: Regeneration
 18763 | Lair:1   | Learned a level 3 spell: Spectral Weapon
 18963 | Lair:1   | Noticed Grum
 19004 | Lair:1   | Killed Grum
 19208 | Lair:1   | Noticed a five-headed hydra
 19219 | Lair:1   | Killed a five-headed hydra
 19843 | Lair:1   | Reached ****** piety under Okawaru
 20197 | Lair:2   | Received a gift from Okawaru
 20198 | Lair:2   | Got a polished eveningstar {god gift}
 20199 | Lair:2   | Identified the +1 eveningstar of the Invisible Lives {protect, rF+ Int+6 Dex-4} (Okawaru gifted it to you on level 2 of the Lair of Beasts)
 20866 | Lair:3   | Noticed an eight-headed hydra
 20875 | Lair:3   | Killed an eight-headed hydra
 20875 | Lair:3   | Reached skill level 14 in Maces & Flails
 21391 | Lair:3   | Noticed an eight-headed hydra
 21401 | Lair:3   | Killed an eight-headed hydra
 21401 | Lair:3   | Reached skill level 5 in Spellcasting
 21729 | Lair:3   | Noticed a six-headed hydra
 21739 | Lair:3   | Killed a six-headed hydra
 21764 | Lair:3   | Found a sacrificial altar of Ru.
 21855 | Lair:3   | Received a gift from Okawaru
 22052 | Lair:3   | Found a staircase to the Shoals.
 22172 | Lair:3   | Noticed a five-headed hydra
 22180 | Lair:3   | Killed a five-headed hydra
 22180 | Lair:3   | Received a gift from Okawaru
 22180 | Lair:3   | Reached XP level 14. HP: 103/108 MP: 19/22
 22534 | Lair:4   | Found a hole to the Spider Nest.
 22680 | Lair:4   | Noticed Snorg
 22697 | Lair:4   | Killed Snorg
 23249 | Lair:4   | Reached skill level 15 in Maces & Flails
 23255 | Lair:4   | Reached skill level 1 in Charms
 24070 | Lair:5   | Noticed Kirke
 24129 | Lair:5   | Killed Kirke
 24527 | Lair:5   | Got an encrusted leather armour
 24538 | Lair:5   | Identified the +3 leather armour "Iritemnu" {rCorr MP+9 Str+2 Slay+2} (You found it on level 5 of the Lair of Beasts)
 24864 | Lair:5   | Reached skill level 1 in Translocations
 25452 | Lair:5   | Received a gift from Okawaru
 25700 | Lair:6   | Entered Level 6 of the Lair of Beasts
 25955 | Lair:6   | Reached skill level 16 in Maces & Flails
 26078 | Lair:6   | Reached skill level 1 in Fire Magic
 26413 | Lair:6   | Reached skill level 1 in Conjurations
 26851 | Lair:6   | Identified the Incunabulum of Curses and the Birds
 27030 | Lair:6   | Reached XP level 15. HP: 71/113 MP: 24/24
 27362 | Lair:6   | Found a viscous altar of Jiyva.
 27365 | Lair:6   | Found a staircase to the Slime Pits.
 27467 | Lair:6   | Noticed Nessos
 27478 | Lair:6   | Noticed Nessos
 27478 | Lair:6   | Nessos changed into Nessos the dream sheep
 27485 | Lair:6   | Killed Nessos the dream sheep
 28151 | Lair:6   | Received a gift from Okawaru
 28151 | Lair:6   | Reached skill level 1 in Hexes
 29406 | D:13     | Reached skill level 1 in Necromancy
 29665 | D:13     | Reached skill level 1 in Summonings
 30551 | D:13     | Found a gate to the Vaults.
 30868 | D:13     | Received a gift from Okawaru
 31117 | D:13     | Reached skill level 10 in Dodging
 31596 | D:13     | Reached skill level 5 in Charms
 31635 | D:14     | Received a gift from Okawaru
 33052 | D:14     | Reached XP level 16. HP: 120/120 MP: 25/25
 33219 | D:14     | Reached skill level 10 in Fighting
 33223 | D:14     | Noticed a fire giant
 33236 | D:14     | Killed a fire giant
 33236 | D:14     | Received a gift from Okawaru
 33267 | D:14     | Got a bloodstained scale mail {god gift}
 33394 | D:14     | Identified the +9 scale mail "Luwahaly" {MR+} (Okawaru gifted it to you on level 14 of the Dungeon)
 33825 | Orc:1    | Entered Level 1 of the Orcish Mines
 34109 | Orc:2    | Entered Level 2 of the Orcish Mines
 35310 | Orc:2    | Found Aniovvy's Assorted Antiques.
 35450 | Orc:2    | Found a roughly hewn altar of Beogh.
 35468 | Orc:2    | Found Esathaf's Weapon Boutique.
 35985 | Orc:2    | Found a staircase to the Elven Halls.
 36599 | Orc:2    | Found a roughly hewn altar of Beogh.
 36640 | Orc:2    | Found Lyutik's Antique Weapon Boutique.
 36651 | Orc:2    | Found Suill's General Store.
 36946 | Orc:2    | Received a gift from Okawaru
 37813 | Orc:2    | Bought a blackened emerald ring for 190 gold pieces
 37818 | Orc:2    | Bought a scroll of fear for 133 gold pieces
 37818 | Orc:2    | Bought a scroll of identify for 76 gold pieces
 38188 | D:15     | Entered Level 15 of the Dungeon
 38817 | D:15     | Found a staircase to the Depths.
 38884 | D:15     | Reached XP level 17. HP: 36/138 MP: 20/26
 39642 | D:15     | Noticed Josephine
 39654 | D:15     | Killed Josephine
 40581 | Spider:1 | Entered Level 1 of the Spider Nest
 40854 | Spider:1 | Noticed melvinkitnick's ghost (adept MiGl)
 41264 | Spider:1 | Killed melvinkitnick's ghost
 41264 | Spider:1 | Reached skill level 15 in Fighting
 41664 | Spider:1 | Received a gift from Okawaru
 41665 | Spider:1 | Got a smoking great mace {god gift}
 41671 | Spider:1 | Identified the +5 great mace of True Grit {freeze, +Inv rElec Int-5} (Okawaru gifted it to you on level 1 of the Spider Nest)
 42598 | Spider:1 | Received a gift from Okawaru
 43123 | Spider:2 | HP: 7/142 [poisoned by a wolf spider]
 43138 | Spider:2 | HP: 10/213 [wolf spider (7)]
 43139 | Spider:2 | HP: 2/213 [wolf spider (8)]
 43145 | Spider:2 | HP: 2/142 [poisoned by a wolf spider]
 43145 | Spider:2 | Slain by an entropy weaver

Vault maps used:
D:1:      dpeg_arrival_rooms_b
D:2:      nicolae_overflow_hidden_temple, uniq_jessica
D:3:      nicolae_ru_path_of_blood, uniq_sigmund
D:4:      first_bread, kennysheep_generic_room_6
D:5:      wad_crossroads, serial_bayou_ford_a, minmay_curled_crystal,
          corexii_item_surrounded_by_moat, hangedman_feature_mirror,
          trog_three_pillars_becter, uniq_ijyb
D:6:      minmay_temple_entry_grid
D:7:      grunt_temple_overflow_open, serial_shops, shop_statue, grunt_ogre_cave
D:8:      lair_entry_dummy, st_stairs_12, nemelex_dance_club_becter
D:9:      minmay_quarter_circles, kennysheep_orc_monster_closet_entryway,
          basic_altar
D:10:     serial_bayou_crossing, uniq_harold, uniq_fannar
D:11:     uniq_urug
D:12:     lemuel_ice_statue
D:13:     hangedman_vaults_entry_quadrant_bands
D:14:     minmay_two_paths, hangedman_abyss_or_decor_lesser_grid
D:15:     gammafunk_depths_entry_grave, uniq_josephine
Lair:1:   small_statue_intersection, grunt_forest_small_clearings,
          eino_small_chamber_without_monster, uniq_grum
Lair:2:   lemuel_fruit_tree
Lair:3:   lemuel_ratsnest, elwin_shoals_entry_rocks, basic_altar
Lair:4:   spider_nest_entry_funnel_web, uniq_snorg
Lair:5:   roderic_batcave, uniq_kirke
Lair:6:   minmay_lair_end_frog_pond, slime_altar_1, uniq_nessos
Spider:2: nicolae_spider_mines_2, spider_trap, guppyfry_spider_mini_2,
          uniq_arachne
Orc:1:    bloody_trog
Orc:2:    pubby_orc_utopia

Skill      XL: |  1  2  3  4  5  6  7  8  9 10 11 12 13 14 15 16 17 |
---------------+----------------------------------------------------+-----
Fighting       | 3 4 5 7 9 13 15 | 15.0
Shields        | 2 4 |  4.1
Armour         | 1 4 5 6 8 |  8.8
Maces & Flails | 4 5 10 12 14 16 | 16.0
Invocations    | 3 5 8 |  8.0
Dodging        | 4 6 8 11 | 11.4
Spellcasting   | 1 5 6 |  6.0
Charms         | 4 6 7 |  7.0
Translocations | 3 4 |  4.0
Fire Magic     | 2 4 |  4.2
Conjurations   | 2 4 |  4.1
Hexes          | 2 |  2.0
Necromancy     | 2 3 |  3.5
Summonings     | 2 3 |  3.4
Throwing       | |  2.0

Action                   |  1- 3 |  4- 6 |  7- 9 | 10-12 | 13-15 | 16-18 || total
-------------------------+-------+-------+-------+-------+-------+-------++-------
Melee: Flail             |    91 |   287 |   661 |   675 |       |       ||  1714
       Morningstar       |       |       |       |   400 |   185 |       ||   585
       Eveningstar       |       |       |       |       |  1082 |  1353 ||  2435
Throw: Javelin           |       |       |     3 |     2 |       |       ||     5
       Throwing net      |       |       |     1 |       |       |       ||     1
 Cast: Animate Skeleton  |       |       |       |       |    70 |   107 ||   177
       Infusion          |       |       |       |       |     7 |    14 ||    21
       Conjure Flame     |       |       |       |       |     1 |     4 ||     5
       Shroud of Golubri |       |       |       |       |     5 |    14 ||    19
       Regeneration      |       |       |       |       |     3 |    61 ||    64
       Spectral Weapon   |       |       |       |       |     2 |     1 ||     3
Invok: Heroism           |       |       |     1 |    11 |    14 |    13 ||    39
       Finesse           |       |       |       |       |       |     1 ||     1
Evoke: Wand              |       |       |       |     2 |     3 |     1 ||     6
       Lamp of fire      |       |       |       |       |       |     2 ||     2
       Box of beasts     |       |       |       |       |       |     1 ||     1
  Use: Scroll            |     4 |     9 |     7 |     9 |     9 |     3 ||    41
       Potion            |       |       |     2 |     1 |     2 |     8 ||    13
 Stab: Sleeping          |     1 |       |       |       |     2 |       ||     3
       Held in net/web   |       |       |     1 |       |       |       ||     1
       Distracted        |       |       |       |       |     5 |     9 ||    14
  Eat: Chunk             |       |     9 |    15 |    26 |    48 |    31 ||   129
       Bread ration      |       |       |     1 |       |     1 |     2 ||     4
       Royal jelly       |       |       |     1 |       |       |       ||     1
       Fruit             |       |       |       |       |     1 |       ||     1
Armor: Leather armour    |    10 |       |       |       |   212 |    11 ||   233
       Plate armour      |    57 |    52 |       |       |       |       ||   109
       Ring mail         |       |    92 |   239 |   301 |   206 |       ||   838
       Scale mail        |       |       |       |       |       |   609 ||   609
Dodge: Dodged            |    39 |   135 |   342 |   645 |   710 |   760 ||  2631
Block: Buckler           |       |    45 |   145 |   219 |   222 |   361 ||   992
       Reflection        |       |       |       |       |       |     4 ||     4
